 Dungeon Crawl Stone Soup version 0.31-a0-233-g139696dc86 (webtiles) character file.

Game seed: 2723387992795565866

77 qw the Shooter (level 4, -4/38 HPs)
             Began as a Minotaur Hexslinger on July 7, 2023.
             Succumbed to an orc's poison
             ... on level 2 of the Dungeon.
             The game lasted 00:00:20 (1279 turns).

qw the Shooter (Minotaur Hexslinger)                Turns: 1279, Time: 00:00:21

Health: -4/38      AC:  6    Str: 13    XL:     4   Next: 14%
Magic:  4/4        EV: 11    Int: 10    God:
Gold:   125        SH:  0    Dex: 14    Spells: 4/5 levels left

rFire   . . .        Y - +1 sling
rCold   . . .        (no shield)
rNeg    + + +        k - +0 ring mail
rPois   +            a - +1 hat of the Ecumenical Temple {*Slow Fly rElec rN+++}
rElec   +            (no cloak)
rCorr   .            (no gloves)
SInv    .            (no boots)
Will    .....        (no amulet)
Stlth   +            h - ring of poison resistance
HPRegen 0.26/turn    (no ring)
MPRegen 0.09/turn

%: slow self (1%)
@: lethally poisoned (-4 -> -19), flying, slowed, very slow
A: horns 2, retaliatory headbutt
a: no special abilities


You were on level 2 of the Dungeon.
You visited 1 branch of the dungeon, and saw 2 of its levels.

You collected 125 gold pieces.


Innate Abilities, Weirdness & Mutations

You have a pair of horns on your head.
You reflexively headbutt those who attack you in melee.


   Skills:
 - Level 3.1 Fighting
 - Level 4.0 Ranged Weapons
 + Level 0.5 Armour
 - Level 2.1 Dodging
 - Level 1.0 Spellcasting
 - Level 2.0 Hexes


You had 4 spell levels left.
You knew the following spells:

 Your Spells              Type           Power      Damage    Failure   Level
a - Slow                  Hex            16%        N/A       32%         1

Your spell library contained the following spells:

 Spells                   Type           Power      Damage    Failure   Level
 Inner Flame              Hex/Fire       2%         N/A       82%         3
 Portal Projectile        Hex/Tloc       4%         N/A       82%         3
 Cause Fear               Hex            2%         N/A       97%         4

Inventory:

Hand Weapons
 Y - a +1 sling (weapon)
Armour
 a - the +1 hat of the Ecumenical Temple (worn) {*Slow Fly rElec rN+++}
   (You acquired it on level 1 of the Dungeon)

   rElec:     It insulates you from electricity.
   rN:        It renders you almost immune to negative energy.
   Fly:       It grants you flight.
   *Slow:     It may slow you when you take damage.
 k - a +0 ring mail (worn)
Jewellery
 h - a ring of poison resistance (left hand)
 i - a ring of ice
Scrolls
 b - a scroll of identify {unknown}
 c - 2 scrolls of fear {unknown}
 f - a scroll of noise {unknown}
 g - a scroll of enchant weapon {unknown}
Potions
 d - a potion of resistance {unknown}
 e - a potion of might

Dungeon Overview and Level Annotations

Branches:
Dungeon (2/15)

Altars:


Message History

You shoot a sling bullet.
The sling bullet hits the orc but does no damage.
The orc hits you but does no damage.
You shoot a sling bullet. The sling bullet hits the orc.
The orc is heavily wounded.
The orc hits you with a +0 whip.
You shoot a sling bullet. The sling bullet hits the orc.
The orc is severely wounded.
The orc hits you with a +0 hand axe.
The orc throws a boomerang.
The orc barely misses you.
You shoot a sling bullet.
The sling bullet closely misses the orc.
Something hits you. The orc hits you with a +0 hand axe.
You shoot a sling bullet. The sling bullet hits the orc.
You kill the orc!
Something hits you.
The orc throws a boomerang.
You shoot a sling bullet. The sling bullet barely misses the orc.
The orc throws a boomerang.
The boomerang hits you but does no damage.
The orc hits you with a +2 war axe of venom.
You are poisoned.
Something hits you.
The orc hits you with a +2 war axe of venom.
You shoot a sling bullet. The sling bullet barely misses the orc.
You feel very sick. The orc hits you but does no damage.
You are lethally poisoned!
You hear some strange, mumbled words.
A magic dart appears from out of thin air!
The magic dart hits you! The orc completely misses you.
You furiously retaliate!
You headbutt the orc. You shoot a sling bullet.
The sling bullet closely misses the orc.
You feel very sick.
The orc hits you with a +2 war axe of venom.
You feel yourself slow down. The orc closely misses you.
Something hits you but does no damage.
You shoot a sling bullet.
The sling bullet closely misses the orc.
You die...

#.......#.....#...
........##.%#.....
.######.....###.......
...........# ###.....
#.........# #.....
#........# #.###.
#........# #.# #.
######.{......# #.# ##
......o@......#####.####
......o##.........#.#...
....".. #.##...##.#.#.##
....... #.##.#.##...#.#
..).... #.##.#.######.#
....... ..##.#.##.....#
.###### ####.#..#.#####
#.#..#.# #.#....#


You could see 2 orcs.

Vanquished Creatures
  Natasha (twice) (D:2)
  2 orcs (D:2)
  3 ball pythons
  2 endoplasms (D:2)
  A giant cockroach (D:2)
  A goblin (D:2)
  4 jackals (D:1)
  3 quokkas
  A bat (D:2)
  A frilled lizard (D:1)
  3 kobolds
23 creatures vanquished.

Notes
Turn   | Place    | Note
-------+----------+-------------------------------------------
     0 | D:1      | qw the Minotaur Hexslinger began the quest for the Orb.
     0 | D:1      | Reached XP level 1. HP: 16/16 MP: 1/1
     0 | D:1      | 0 ||| qw: Version: 0.3-a-46-gb1f654a
     0 | D:1      | 0 ||| qw: Game counter: 3145
     0 | D:1      | 0 ||| qw: Melee chars always use a shield: true
     0 | D:1      | 0 ||| qw: God list: Okawaru
     0 | D:1      | 0 ||| qw: Allow faded altars: false
     0 | D:1      | 0 ||| qw: Do Orc after clearing Dungeon:15 true
     0 | D:1      | 0 ||| qw: Do second Lair branch before Depths: true
     0 | D:1      | 0 ||| qw: Lair rune preference: random
     0 | D:1      | 0 ||| qw: Goals: Normal
     0 | D:1      | 0 ||| PLANNING D:1-11
   399 | D:1      | Reached skill level 3 in Ranged Weapons
   399 | D:1      | Reached XP level 2. HP: 19/23 MP: 2/2
   813 | D:1      | 813 ||| UPGRADING to +0 leather armour.
   823 | D:1      | 823 ||| DROPPING +0 robe.
   824 | D:1      | 824 ||| UPGRADING to +0 ring mail.
   834 | D:1      | 834 ||| DROPPING +0 leather armour.
   835 | D:1      | 835 ||| UPGRADING to ring of poison resistance.
   836 | D:1      | 836 ||| READING scroll labelled XAMNON CUOSSO.
   836 | D:1      | Identified a scroll of acquirement
   836 | D:1      | 836 ||| ACQUIRING +1 hat of the Ecumenical Temple {*Slow
                  | Fly rElec rN+++}
   836 | D:1      | Acquired the +1 hat of the Ecumenical Temple {*Slow Fly
                  | rElec rN+++}
   838 | D:1      | 838 ||| UPGRADING to +1 hat of the Ecumenical Temple {*Slow
                  | Fly rElec rN+++}.
   843 | D:1      | 843 ||| READING scroll labelled JEBUOKHL ICELOI.
   844 | D:1      | 844 ||| DRINKING 2 red potions.
   845 | D:1      | 845 ||| DROPPING scroll of poison.
   915 | D:2      | Noticed Natasha
   923 | D:2      | Killed Natasha
   924 | D:2      | Reached skill level 3 in Fighting
   924 | D:2      | Reached XP level 3. HP: 9/31 MP: 3/3
  1053 | D:2      | Noticed Natasha
  1058 | D:2      | Killed Natasha
  1061 | D:2      | Reached XP level 4. HP: 38/38 MP: 4/4
  1261 | D:2      | Reached skill level 4 in Ranged Weapons
  1278 | D:2      | HP: 7/38 [poisoned by an orc]
  1278 | D:2      | HP: 1/38 [orc/+2 war axe of venom (6)]
  1279 | D:2      | Succumbed to an orc's poison

Levels and vault maps discovered:
D:1:      elethiomel_arrival_maze, layout_basic
D:2:      layout_basic, minmay_cut_off, uniq_natasha

Skill      XL: |  1  2  3  4 |
---------------+-------------+-----
Ranged Weapons | 3 4 |  4.0
Fighting       | 3 |  3.1
Armour         | |  0.5
Dodging        | |  2.1
Spellcasting   | |  1.0
Hexes          | |  2.0

Action                     |  1- 3 |  4- 6 || total
---------------------------+-------+-------++-------
   Fire: Sling             |    46 |    25 ||    71
    Use: Scroll            |     2 |       ||     2
         Potion            |     1 |       ||     1
 Armour: Robe              |     3 |       ||     3
         Ring mail         |     5 |     6 ||    11
  Dodge: Dodged            |    26 |    12 ||    38

Table legend:
 A = Non-vault XP
 B = Vault XP
 C = Vault XP percentage of total XP
 D = Non-vault monster count
 E = Vault monster count
 F = Vault count percentage of total count
                 A         B        C        D         E       F
            +---------+---------+-------+---------+---------+-------
      Total |      69 |      42 |  37.8 |      19 |       4 |  17.4
            +---------+---------+-------+---------+---------+-------
        D:1 |      16 |       0 |   0.0 |      10 |       0 |   0.0
        D:2 |      53 |      42 |  44.2 |       9 |       4 |  30.8
            +---------+---------+-------+---------+---------+-------
